 Dungeon Crawl Stone Soup version 0.26.1-11-gd32895ea62 (webtiles) character file.

Game seed: 16699666974610857278

541 Kalagan26 the Sneak (level 7, -2/33 (35) HPs)
             Began as a Spriggan Enchanter on June 25, 2021.
             Was an Initiate of Makhleb.
             Slain by a wight
             ... wielding a +2 scimitar
              (11 damage)
             ... on level 6 of the Dungeon on June 27, 2021.
             The game lasted 01:04:03 (8772 turns).

Kalagan26 the Sneak (Spriggan Enchanter)            Turns: 8772, Time: 01:04:04

HP:   -2/33 (35)    AC:  2    Str:  4    XL:     7   Next: 5%
MP:   22/25         EV: 19    Int: 18    God:    Makhleb [......]
Gold: 322           SH:  0    Dex: 17    Spells: 8/17 levels left

rFire    . . .     SeeInvis +   a - +1 dagger
rCold    . . .     Faith    .   (shield restricted)
rNeg     . . .     Spirit   .   b - +0 robe
rPois    .         Reflect  .   (helmet restricted)
rElec    .         Harm     .   (no cloak)
rCorr    .         Rampage  .   (gloves unavailable)
Will     +....                  (boots unavailable)
Stlth    ++++......             (no amulet)
HPRegen  0.11/turn              y - ring of wizardry
MPRegen  0.19/turn              v - ring of magical power

@: drained, very quick
A: very small, unfitting armour, see invisible, speed 3
a: Renounce Religion


You were on level 6 of the Dungeon.
You worshipped Makhleb.
Makhleb was noncommittal.
You visited 2 branches of the dungeon, and saw 7 of its levels.

You collected 322 gold pieces.

Inventory:

Hand Weapons
 a - a +1 dagger (weapon)
 j - a +5 spear
 C - the +4 flail "Qaotzelu" {vorpal, *Noise +Blink rF+ Int+4}
   (You took it off an orc on level 4 of the Dungeon)

   It inflicts extra damage upon your enemies.
   It affects your intelligence (+4).
   It protects you from fire.
   It lets you blink.
   It may make noises in combat.
 E - the +3 short sword "Kicvoir" {vorpal, rElec Stlth+, unknown}
   (You found it on level 5 of the Dungeon)

   It inflicts extra damage upon your enemies.
   It insulates you from electricity.
   It makes you more stealthy.
Missiles
 f - 226 stones
 n - 5 poisoned darts
 F - 2 throwing nets
Armour
 b - a +0 robe (worn)
Jewellery
 d - an uncursed ring of willpower
 v - a ring of magical power (right hand)
 y - a ring of wizardry (left hand)
 D - an uncursed ring of see invisible {unknown}
Wands
 q - a wand of iceblast (11)
 t - a wand of random effects (17)
Scrolls
 e - 4 scrolls of teleportation {unknown}
 h - 6 scrolls of remove curse {unknown}
 k - a scroll of enchant armour {unknown}
 l - 2 scrolls of blinking {unknown}
 m - 2 scrolls of fog {unknown}
 p - 3 scrolls of amnesia {unknown}
 r - a scroll of magic mapping {unknown}
 s - a scroll of enchant weapon {unknown}
 u - 4 scrolls of identify
 x - 2 scrolls of immolation {unknown}
Potions
 c - 2 potions of haste
 g - 2 potions of flight {unknown}
 i - 2 potions of attraction {unknown}
 o - 2 potions of mutation {unknown}
 w - a potion of resistance {unknown}
 z - 2 potions of curing {unknown}
 A - a potion of degeneration {unknown}
 B - a potion of magic {unknown}


   Skills:
 * Level 2.1 Fighting
 - Level 1.1 Short Blades
 * Level 3.5 Dodging
 - Level 7.0 Stealth
 * Level 5.7 Spellcasting
 + Level 5.5 Hexes
 - Level 0.9 Ice Magic


You had 8 spell levels left.
You knew the following spells:

 Your Spells              Type           Power        Failure   Level
a - Corona                Hex            27%          1%          1
b - Ensorcelled Hibernat  Hex/Ice        32%          1%          2
c - Confusing Touch       Hex            25%          1%          3
d - Dazzling Flash        Conj/Hex       30%          4%          3

Your spell library contained the following spells:

 Spells                   Type           Power        Failure   Level
 Tukima's Dance           Hex            25%          1%          3


Dungeon Overview and Level Annotations

Branches:
Dungeon (6/15)             Temple (1/1) D:4

Altars:
Ashenzari
Dithmenos
Elyvilon
Fedhas
Gozag
Hepliaklqana
Kikubaaqudgha
Makhleb
Nemelex Xobeh
Okawaru
Qazlal
Sif Muna
Trog
Uskayaw
Vehumet
Wu Jian
Xom
Yredelemnul
Zin
The Shining One

Shops:
D:4 }([

Annotations:
D:4 Dowan, Duvessa


Innate Abilities, Weirdness & Mutations

You are very small and have problems with some larger weapons.
You are too small for most types of armour.
You have supernaturally acute eyesight. (SInv)
You cover ground extremely quickly.


Message History

You hit the wight but do no damage. You hit the wight but do no damage.
The wight barely misses you.
The wight hits you from afar with a cursed +5 trident.
Welcome back, Kalagan26 the Spriggan Enchanter.
Blood and souls for Makhleb!
Press ? for a list of commands and other information.
Casting: Confusing Touch (safe; 1% risk of failure)
Press: ? - help, Q - select action, (/) - cycle Dir - look around, f - activate
Okay, then.
You hit the wight but do no damage.
The wight appears confused.
The wight closely misses you. The wight misses you.
You catch the helpless wight completely off-guard!
You puncture the wight!
The wight is almost destroyed.
The wight hits you from afar with a cursed +5 trident!
* * * LOW HITPOINT WARNING * * *
You feel drained.
* * * LOW HITPOINT WARNING * * *
The wight hits you with a +2 scimitar!
You die...

#.#....#
#.#.<..#
#.####.#
#.#..#.#
#.#..#.#
#.#..#.#
#.#..#.#
#.#..#.#
#.#..#@# #
#.#..#z#.#####
#.#...z.......
#.##.#.#.#####
#....#.#.#
######z# # ...
#.# #.#


You could see 3 wights.

Vanquished Creatures
  A centaur (D:5)
  Blork the orc (D:4)
  2 scorpions (D:5)
  Jessica (D:3)
  2 orc wizards (D:5)
  A worker ant (D:4)
  3 gnolls (D:4)
  7 adders
  3 worms
  4 dart slugs
  2 leopard geckos
  9 orcs
  4 giant cockroaches
  6 goblins
  7 hobgoblins
  2 jackals (D:3)
  8 kobolds
  3 quokkas
  4 ball pythons
  10 bats
  6 frilled lizards
  9 rats
95 creatures vanquished.

Notes
Turn   | Place    | Note
-------+----------+-------------------------------------------
     0 | D:1      | Kalagan26 the Spriggan Enchanter began the quest for the
                  | Orb.
     0 | D:1      | Reached XP level 1. HP: 9/9 MP: 5/5
   472 | D:1      | Reached XP level 2. HP: 10/13 MP: 6/6
   601 | D:1      | Reached skill level 5 in Stealth
  2061 | D:2      | Learned a level 2 spell: Ensorcelled Hibernation
  2434 | D:2      | Reached XP level 3. HP: 17/17 MP: 5/8
  2544 | D:2      | Found a hazy altar of Hepliaklqana.
  2544 | D:2      | Found a stormy altar of Qazlal.
  3278 | D:3      | Reached skill level 1 in Fighting
  3316 | D:3      | Found a broken altar of Ashenzari.
  3345 | D:3      | Reached skill level 6 in Stealth
  3349 | D:3      | Reached XP level 4. HP: 21/22 MP: 3/9
  3691 | D:3      | Noticed Jessica
  3693 | D:3      | Killed Jessica
  4840 | D:3      | Reached XP level 5. HP: 25/25 MP: 11/11
  4971 | D:4      | Found a staircase to the Ecumenical Temple.
  5227 | D:4      | Reached skill level 7 in Stealth
  5261 | D:4      | Found Zaliwuh's Weapon Emporium.
  5273 | D:4      | Found Barav's Gadget Shop.
  5319 | Temple   | Entered the Ecumenical Temple
  5443 | Temple   | Became a worshipper of Makhleb the Destroyer
  5925 | D:4      | Noticed a phantom
  6004 | D:4      | Noticed Duvessa
  6005 | D:4      | Noticed Dowan
  6079 | D:4      | Noticed Blork the orc
  6090 | D:4      | Killed Blork the orc
  6110 | D:4      | Reached XP level 6. HP: 30/30 MP: 13/13
  6157 | D:4      | Identified the +4 flail "Qaotzelu" {vorpal, *Noise +Blink
                  | rF+ Int+4}
  6366 | D:4      | Found Gellat's Armour Shop.
  6532 | D:5      | Entered Level 5 of the Dungeon
  6658 | D:5      | Learned a level 3 spell: Confusing Touch
  6708 | D:5      | Reached skill level 5 in Spellcasting
  6708 | D:5      | Reached skill level 5 in Hexes
  7779 | D:5      | Got a smoking short sword
  8362 | D:5      | Reached XP level 7. HP: 35/35 MP: 16/16
  8430 | D:5      | Noticed a +0 hand axe
  8432 | D:5      | Found a hide-covered altar of Uskayaw.
  8432 | D:5      | Noticed a +0 hand axe
  8681 | D:5      | Learned a level 3 spell: Dazzling Flash
  8772 | D:6      | Slain by a wight

Illustrated notes

Levels and vault maps discovered:
D:1:      dpeg_arrival_shelter, layout_basic
D:2:      layout_loops_cross, gammafunk_temple_overflow_wave
D:3:      layout_loops_ring, evilmike_ruin_ashenzari, uniq_jessica
D:4:      layout_basic, minmay_temple_entry_large_hall, serial_shops, shop,
          shop, nicolae_shop_trees, kennysheep_generic_room_11, uniq_duvessa,
          uniq_blork_the_orc
D:5:      layout_rooms, dancing_weapons_uskayaw
D:6:      layout_basic, kennysheep_mini_moat, serial_shops, shop
Temple:   eino_temple_scatter_basement

Skill      XL: |  1  2  3  4  5  6 |
---------------+-------------------+-----
Stealth        | 5 6 7 |  7.0
Hexes          | 4 5 |  5.5
Spellcasting   | 3 4 5 |  5.7
Fighting       | 1 2 |  2.1
Short Blades   | |  1.1
Dodging        | |  3.5
Ice Magic      | |  0.9

Action                   |  1- 3 |  4- 6 |  7- 9 || total
-------------------------+-------+-------+-------++-------
Melee: Dagger            |   162 |   112 |     7 ||   281
       Spear             |       |    20 |       ||    20
Throw: Dart              |       |     3 |       ||     3
 Cast: Corona            |     8 |     2 |       ||    10
       Ensorcelled Hiber |    24 |    72 |     7 ||   103
       Confusing Touch   |       |       |     1 ||     1
  Use: Scroll            |       |     2 |       ||     2
       Potion            |       |     1 |       ||     1
 Stab: Sleeping          |    27 |    40 |     2 ||    69
       Confused          |       |       |     1 ||     1
Armor: Robe              |    31 |     9 |     1 ||    41
Dodge: Dodged            |   175 |   112 |    10 ||   297
